 Dungeon Crawl Stone Soup version 0.29.1-2-gbd0b4ee654 (webtiles) character file.

Game seed: 9193044221749354215

25 fantasyman the Trooper (level 2, -2/24 HPs)
             Began as a Demonspawn Berserker on Nov 13, 2022.
             Was a Follower of Trog.
             Slain by a gnoll
             ... wielding a +0 flail
              (5 damage)
             ... on level 2 of the Dungeon.
             The game lasted 00:01:34 (1002 turns).

fantasyman the Trooper (Demonspawn Berserker)       Turns: 1002, Time: 00:01:34

Health: -2/24      AC:  5    Str: 17    XL:     2   Next: 82%
Magic:  2/2        EV: 11    Int:  8    God:    Trog [*.....]
Gold:   88         SH:  0    Dex: 12    Spells: 1/1 levels left

rFire   . . .      SeeInvis .   a - +0 mace
rCold   . . .      Faith    .   (no shield)
rNeg    . . .      Spirit   .   d - +0 ring mail
rPois   .          Reflect  .   c - +0 hat
rElec   .          Harm     .   (no cloak)
rCorr   .          Rampage  .   (no gloves)
Will    .....                   (no boots)
Stlth   +.........              (no amulet)
HPRegen 0.08/turn               (no ring)
MPRegen 0.08/turn               (no ring)

@: no status effects
A: demonic magic 1
a: Renounce Religion, Berserk


You were on level 2 of the Dungeon.
You worshipped Trog.
Trog was aware of your devotion.
You visited 1 branch of the dungeon, and saw 2 of its levels.

You collected 88 gold pieces.

Inventory:

Hand Weapons
 a - a +0 mace (weapon)
Armour
 b - a +0 animal skin
 c - a +0 hat (worn)
 d - a +0 ring mail (worn)
Scrolls
 e - a scroll of enchant weapon {unknown}
Potions
 f - a potion of mutation {unknown}


   Skills:
 + Level 3.4 Fighting
 + Level 3.3 Maces & Flails
 + Level 1.8 Armour
 + Level 1.9 Dodging


You had one spell level left.
You didn't know any spells.
Your spell library was empty.

Dungeon Overview and Level Annotations

Branches:
Dungeon (2/15)

Altars:

Annotations:
D:2 Sigmund


Innate Abilities, Weirdness & Mutations

Spells you cast may paralyse adjacent enemies.


Message History

An endoplasm comes into view.
You closely miss Sigmund.
The endoplasm quivers.
Sigmund misses you.
You barely miss Sigmund. Sigmund barely misses you.
You hit Sigmund.
Sigmund is lightly wounded.
Sigmund gestures at you while chanting.
You are confused.
You are too confused!
You are too confused!
You're too confused to move!
Sigmund barely misses you.
You enter the shallow water.
Moving in this stuff is going to be slow.
Sigmund flickers, as though insubstantial.
Sigmund hits you from afar with a +2 scythe of protection.
The gnoll closely misses you.
You nearly stumble into some deep water!
Sigmund casts a spell.
Sigmund flickers and vanishes!
Deactivating autopickup; reactivate with Ctrl-A.
The gnoll closely misses you.
You feel less confused.
You hit the gnoll but do no damage. Something hits you.
The gnoll closely misses you.
You hit the gnoll but do no damage. The gnoll closely misses you.
Something hits you. The gnoll closely misses you.
You hit the gnoll.
The gnoll is lightly wounded.
You hear a splashing noise.
The gnoll splashes around in the water.
You hit the gnoll.
The gnoll is moderately wounded.
The gnoll hits you with a +0 flail!
* * * LOW HITPOINT WARNING * * *
You hear a splashing noise.
You hit the gnoll.
The gnoll is severely wounded.
The gnoll hits you with a +0 flail.
You die...

#####################
.........@..........#
~~~~~~~~≈g≈~~~~~≈~~~≈
≈~~~~≈~{~J~~~~~~~≈~≈≈
....................# ####
##############'#######
#8(###8)###8(###8.#........
#.).).............†........
#.#########################
#.#.#..<......##.#


You could see a gnoll and an endoplasm.

Vanquished Creatures
  An adder (D:2)
  A ball python (D:1)
  An endoplasm (D:1)
  2 giant cockroaches (D:1)
  2 goblins
  A hobgoblin (D:1)
  A kobold (D:2)
  A quokka (D:2)
  2 bats
  A frilled lizard (D:1)
  2 rats
15 creatures vanquished.

Notes
Turn   | Place    | Note
-------+----------+-------------------------------------------
     0 | D:1      | fantasyman the Demonspawn Berserker began the quest for the
                  | Orb.
     0 | D:1      | Reached XP level 1. HP: 18/18 MP: 1/1
    19 | D:1      | Noticed a merfolk zombie
    21 | D:1      | Noticed a merfolk zombie
   408 | D:1      | Gained mutation: Spells you cast may paralyse adjacent
                  | enemies. [demonic ancestry]
   408 | D:1      | Reached XP level 2. HP: 23/24 MP: 2/2
   823 | D:1      | Found a faded altar of an unknown god.
   835 | D:1      | You fall into a shaft and drop 1 floor!
   983 | D:2      | Noticed Sigmund
  1002 | D:2      | Slain by a gnoll

Illustrated notes

Levels and vault maps discovered:
D:1:      shiori_arrival_whats_in_store_for_you, layout_basic,
          shapermc_ecumenical_altar_mp_ritualfount, minmay_tromino_v4_b
D:2:      wad_river_or_something, layout_loops_cross, kennysheep_path_1,
          uniq_sigmund

Skill      XL: |  1  2 |
---------------+-------+-----
Maces & Flails | 3 |  3.3
Fighting       | |  3.4
Armour         | |  1.8
Dodging        | |  1.9

Action                   || total
-------------------------++-------
Melee: Mace              ||    49
Armor: Animal skin       ||     2
       Ring mail         ||    15
Dodge: Dodged            ||    29
